 Dungeon Crawl Stone Soup version 0.28.0-1-gb440e238dd (webtiles) character file.

Game seed: 6232198388064328627

392 Zeldest the Insei (level 6, -2/32 HPs)
             Began as a Vine Stalker Transmuter on Feb 21, 2022.
             Was an Initiate of Cheibriados.
             Slain by an ogre (19 damage)
             ... on level 4 of the Dungeon.
             The game lasted 00:11:42 (1949 turns).

Zeldest the Insei (Vine Stalker Transmuter)         Turns: 1949, Time: 00:11:43

Health: -2/32      AC:  2    Str: 14    XL:     6   Next: 81%
Magic:  0/11       EV: 12    Int: 16    God:    Cheibriados [......]
Gold:   164        SH:  0    Dex: 15    Spells: 8/11 levels left

rFire   . . .      SeeInvis .     - Unarmed
rCold   . . .      Faith    .   (no shield)
rNeg    . . .      Spirit   +   a - +0 robe
rPois   .          Reflect  .   (helmet currently unavailable)
rElec   .          Harm     .   (no cloak)
rCorr   .          Rampage  .   (no gloves)
Will    .....                   (boots currently unavailable)
Stlth   +.........              (no amulet)
HPRegen 0.90/turn               (no ring)
MPRegen 0.12/turn               (no ring)

@: appendages, very slow
A: horns 2, talons 2, fangs 2, regeneration 1, magic shield, antimagic bite, no
potion heal 2
a: End Transformation, Renounce Religion


You were on level 4 of the Dungeon.
You worshipped Cheibriados.
Cheibriados was noncommittal.
You had temporarily grown beastly horns and talons.
You visited 2 branches of the dungeon, and saw 6 of its levels.

You collected 164 gold pieces.

Inventory:

Hand Weapons
 f - a +2 dagger of venom
Armour
 a - a +0 robe (worn)
 m - a +0 pair of boots (melded)
Jewellery
 o - a ring of fire
Wands
 b - a wand of mindburst (8)
Scrolls
 c - 2 scrolls of teleportation
 d - 3 scrolls of immolation
 e - 2 scrolls of noise
 i - a scroll of torment {unknown}
 k - a scroll of brand weapon {unknown}
 n - 2 scrolls of holy word
Potions
 g - 2 potions of attraction
 h - a potion of curing
 j - 2 potions of lignification
 l - 2 potions of might


   Skills:
 + Level 2.7 Fighting
 - Level 1.5 Dodging
 + Level 4.2 Unarmed Combat
 - Level 3.1 Spellcasting
 + Level 3.5 Transmutations
 + Level 2.7 Earth Magic
 + Level 1.3 Evocations


You had 8 spell levels left.
You knew the following spells:

 Your Spells              Type           Power      Damage    Failure   Level
a - Beastly Appendage     Tmut           26%        N/A       4%          1
b - Wereblood             Tmut           13%        N/A       7%          2

Your spell library contained the following spells:

 Spells                   Type           Power      Damage    Failure   Level
 Spider Form              Tmut/Pois      8%         N/A       26%         3
 Ice Form                 Ice/Tmut       8%         N/A       65%         4


Dungeon Overview and Level Annotations

Branches:
Dungeon (5/15)             Temple (1/1) D:4

Altars:
Cheibriados

Shops:
D:4 (


Innate Abilities, Weirdness & Mutations

You have temporarily grown beastly horns and talons.
You have extremely sharp teeth.
Your natural rate of healing is unusually fast.
When hurt, damage is shared between your health and your magic reserves.
Your bite disrupts and absorbs the magic of your enemies.
Potions cannot restore your health.


Message History

You grow a pair of large bovine horns.
Your feet morph into talons.
Your +0 pair of boots melds into your body.
The gnoll closely misses you.
You hit the gnoll.
The gnoll is lightly wounded.
The gnoll hits you with a +0 club!
You hit the gnoll. You bite the gnoll. You drain its power.
You feel invigorated.
The gnoll is heavily wounded.
The gnoll closely misses you.
You hit the gnoll. You claw the gnoll. You headbutt the gnoll.
You kill the gnoll!
Cheibriados thoroughly appreciates the change of pace.
Items here: ))) †.
Your transformation is almost over.
Items here: ))) †.
There is a stone staircase leading down, spattered with blood here.
Casting: Beastly Appendage (safe; 4% risk of failure)
Confirm with . or Enter, or press ? or * to list all spells.
You extend your transformation's duration.
You climb downwards.
An ogre comes into view. It is wielding a +0 giant club.
The scorpion zombie hits you.
The gnoll shaman calls down the wrath of its god upon you.
You easily resist.
The ogre hits you with a +0 giant club!
The ogre moves out of view.
There is a stone staircase leading up, spattered with blood here.
The scorpion zombie hits you but does no damage.
The ogre barely misses you.
You climb upwards.
There is a stone staircase leading down, spattered with blood here.
You barely miss the ogre. You claw the ogre.
You bite the ogre, but do no damage.
The ogre is lightly wounded.
You hit the ogre but do no damage. You claw the ogre. You bite the ogre.
You drain its power.
You feel invigorated.
The ogre is heavily wounded.
The ogre hits you with a +0 giant club!!
Ouch! That really hurt!
You die...

.....[# ......#
......# .....##
####.##
.#.#..#####
..........#
.#........########
.#.............O@#
...........#.#####
.#####..##.#.#
.######.##.#.###
...#.....#.....#
.#...###.###.#.#
####.# #.###.#.# #
#.# #..##.#.#
####'####.##.#.#


You could see an ogre.

Vanquished Creatures
  The ghost of js333 the Conjurer, an amateur DECj (D:3)
  2 orc priests (D:4)
  A centaur skeleton (D:4)
  Ijyb (D:3)
  Natasha (twice) (D:2)
  3 gnolls (D:4)
  7 adders
  2 worms (D:2)
  A dart slug (D:1)
  4 orcs (D:4)
  6 ball pythons
  4 bats
  6 endoplasms
  3 giant cockroaches
  6 goblins
  2 hobgoblins
  5 jackals
  3 quokkas
  2 frilled lizards (D:2)
  5 kobolds
  4 rats
70 creatures vanquished.

Notes
Turn   | Place    | Note
-------+----------+-------------------------------------------
     0 | D:1      | Zeldest the Vine Stalker Transmuter began the quest for the
                  | Orb.
     0 | D:1      | Reached XP level 1. HP: 9/9 MP: 4/4
    42 | D:1      | Reached skill level 1 in Fighting
    88 | D:1      | Reached XP level 2. HP: 12/14 MP: 4/6
   349 | D:1      | Reached XP level 3. HP: 9/18 MP: 7/7
   369 | D:2      | Noticed Natasha
   384 | D:2      | Killed Natasha
   385 | D:2      | Reached skill level 1 in Earth Magic
   576 | D:2      | Gained mutation: Your natural rate of healing is unusually
                  | fast. [Vine Stalker growth]
   576 | D:2      | Reached XP level 4. HP: 10/22 MP: 6/9
   610 | D:2      | Noticed Natasha
   620 | D:2      | Killed Natasha
   920 | D:2      | Found a faded altar of an unknown god.
   929 | D:2      | Reached XP level 5. HP: 18/26 MP: 6/10
  1117 | D:3      | Noticed Ijyb
  1128 | D:3      | Killed Ijyb
  1214 | D:3      | Found a runed translucent door.
  1215 | D:3      | Noticed js333's ghost (amateur DECj)
  1227 | D:3      | Killed js333's ghost
  1228 | D:3      | Reached XP level 6. HP: 22/31 MP: 7/11
  1232 | D:3      | Identified the +1 whip "Laoh" {vamp, rCorr}
  1343 | D:4      | Reached skill level 4 in Unarmed Combat
  1377 | D:4      | Found a snail-covered altar of Cheibriados.
  1394 | D:4      | Became a worshipper of Cheibriados the Contemplative
  1433 | D:4      | Reached skill level 1 in Evocations
  1442 | D:4      | Learned a level 2 spell: Wereblood
  1478 | D:4      | Found a staircase to the Ecumenical Temple.
  1499 | Temple   | Entered the Ecumenical Temple
  1694 | D:4      | Found Suegyth's Antique Weapon Shop.
  1845 | D:5      | Entered Level 5 of the Dungeon
  1949 | D:4      | Slain by an ogre

Illustrated notes

Levels and vault maps discovered:
D:1:      psy_arrival_whirlpool, layout_loops_ring
D:2:      layout_basic, basic_ecumenical_altar, uniq_natasha
D:3:      minmay_inner_zag, layout_basic, ebering_ghost_reflecting_pool,
          minivault_23, minmay_checkerbox, uniq_ijyb, uniq_jessica
D:4:      layout_basic, nicolae_overflow_crystal_walls,
          minmay_temple_entry_large_hall, serial_shops,
          nicolae_shop_hallway_plus, nicolae_shop_clearance
D:5:      layout_rooms, serial_rivers, chequers_serial_rivers_large_a,
          chequers_serial_rivers_small_b, chequers_serial_rivers_small_a,
          chequers_serial_rivers_micro_c, chequers_serial_rivers_small_3,
          minivault_23
Temple:   mainiacjoe_temple_circle_huts

Skill      XL: |  1  2  3  4  5  6 |
---------------+-------------------+-----
Fighting       | 1 2 |  2.7
Earth Magic    | 1 2 |  2.7
Spellcasting   | 3 |  3.1
Transmutations | 3 |  3.5
Unarmed Combat | 4 |  4.2
Evocations     | 1 |  1.3
Dodging        | |  1.5

Action                   |  1- 3 |  4- 6 || total
-------------------------+-------+-------++-------
Melee: Unarmed           |    60 |   132 ||   192
       Bite              |    12 |    38 ||    50
       Kick              |    10 |    40 ||    50
       Headbutt          |    11 |    22 ||    33
       Punch             |     2 |     5 ||     7
 Cast: Beastly Appendage |    11 |    28 ||    39
       Wereblood         |       |     1 ||     1
  Use: Scroll            |       |     8 ||     8
 Stab: Distracted        |     1 |       ||     1
       Sleeping          |     2 |       ||     2
Armor: Robe              |    12 |    12 ||    24
Dodge: Dodged            |    24 |    99 ||   123
